 Dungeon Crawl Stone Soup version 0.30-a0-165-g1891117ce2 (webtiles) character file.

Game seed: 6378740279930208325

2614 bande the Cleaver (level 9, -6/55 HPs)
             Began as a Gargoyle Fighter on Sept 28, 2022.
             Was a Believer of Okawaru.
             Splashed by a brown ugly thing's acid (7 damage)
             ... on level 7 of the Dungeon.
             The game lasted 00:11:19 (11050 turns).

bande the Cleaver (Gargoyle Fighter)               Turns: 11050, Time: 00:11:20

Health: -6/55      AC: 11    Str: 18    XL:     9   Next: 60%
Magic:  11/11      EV:  5    Int: 17    God:    Okawaru [**....]
Gold:   453        SH:  5    Dex: 11    Spells: 8/8 levels left

rFire   . . .      SeeInvis .    a - +0 war axe (freeze)
rCold   . . .      Faith    .    c - +0 buckler
rNeg    + . .      Spirit   .    n - +0 plate armour
rPois   ∞          Reflect  .    (no helmet)
rElec   +          Harm     .    s - +0 cloak
rCorr   .          Rampage  .    r - +1 pair of gloves
Will    .....                    (no boots)
Stlth   ..........               (no amulet)
HPRegen 0.18/turn                (no ring)
MPRegen 0.12/turn                (no ring)

@: corroded
A: sickness immunity, AC +6, negative energy resistance 1, electricity
resistance, torment resistance 1, petrification resistance, clever 2
a: Renounce Religion, Heroism


You were on level 7 of the Dungeon.
You worshipped Okawaru.
Okawaru was pleased with you.
You visited 2 branches of the dungeon, and saw 8 of its levels.
You also visited: Sewer.

You collected 453 gold pieces.

Inventory:

Hand Weapons
 a - a +0 war axe of freezing (weapon)
 p - a +0 flail
 q - a +1 broad axe
Armour
 c - a +0 buckler (worn)
 n - a +0 plate armour (worn)
 r - a +1 pair of gloves (worn)
 s - a +0 cloak (worn)
Wands
 m - a wand of quicksilver (5)
 v - a wand of mindburst (20)
 w - a wand of iceblast (6)
 y - a wand of polymorph (9)
 z - a wand of flame (15)
Scrolls
 b - 3 scrolls of poison
 i - a scroll of enchant armour
 l - a scroll of fog
 o - 2 scrolls of teleportation
 u - 4 scrolls of fear
Potions
 d - 3 potions of might
 e - 4 potions of heal wounds
 f - 2 potions of cancellation
 g - 2 potions of haste
 h - 3 potions of curing
 j - a potion of mutation
 k - a potion of magic
 t - 2 potions of invisibility
 x - a potion of resistance {unknown}


   Skills:
 + Level 6.0 Fighting
 + Level 8.2 Axes
 + Level 6.8 Armour
 - Level 0.5 Dodging
 - Level 0.1 Stealth
 + Level 4.8 Shields
 * Level 3.4 Invocations
 * Level 2.9 Evocations


You had 8 spell levels left.
You didn't know any spells.
Your spell library contained the following spells:

 Spells                   Type           Power      Damage    Failure   Level
 Sandblast                Erth           0%         2d4       100%        1
 Passwall                 Tmut/Erth      0%         N/A       100%        2
 Gell's Gravitas          Tloc           0%         N/A       100%        3
 Lesser Beckoning         Tloc           0%         N/A       100%        3
 Stone Arrow              Conj/Erth      0%         3d7       100%        3
 Teleport Other           Tloc           0%         N/A       100%        3


Dungeon Overview and Level Annotations

Branches:
Dungeon (7/15)             Temple (1/1) D:5           Sewer (visited)

Altars:
Ashenzari
Cheibriados
Dithmenos
Fedhas
Gozag
Kikubaaqudgha
Makhleb
Nemelex Xobeh
Okawaru
Qazlal
Ru
Trog
Uskayaw
Vehumet
Xom
Yredelemnul
Zin
The Shining One

Shops:
D:5 (


Innate Abilities, Weirdness & Mutations

You are immune to sickness and miasma.
Your stone body is resilient. (AC +6)
You are immune to poison.
You resist negative energy. (rN+)
You are resistant to electric shocks. (rElec)
You are resistant to unholy torment.
You are immune to petrification.
Your mind is very acute. (Int +8, Str/Dex -2)


Message History

No target in view!
x - a scroll of identify
y - a wand of polymorph (9)
Okay, then.
As you read the scroll of identify, it crumbles to dust.
k - a potion of magic
x - a blue potion
Found a stone staircase leading down.
z - a wand of flame (15)
Found a dagger.
A brown ugly thing comes into view.
The brown ugly thing gurgles horribly!
You hear a shout!
An ice beast comes into view.
You closely miss the brown ugly thing. The brown ugly thing barely misses you.
You slash the brown ugly thing! You freeze the brown ugly thing.
The brown ugly thing is moderately wounded.
The brown ugly thing tentacle-slaps you.
The acid corrodes you!
You are splashed with acid!
You barely miss the brown ugly thing.
The brown ugly thing is moderately wounded.
The brown ugly thing tentacle-slaps you.
The acid corrodes you!
You are splashed with acid!
You barely miss the brown ugly thing.
The brown ugly thing is moderately wounded.
The brown ugly thing tentacle-slaps you.
The acid corrodes you!
You are splashed with acid!
A gnoll bouda comes into view. It is wielding a +0 whip.
You closely miss the brown ugly thing.
The brown ugly thing is moderately wounded.
You hit the ice beast.
You block the brown ugly thing's attack.
The ice beast hits you. The ice beast freezes you!
* * * LOW HITPOINT WARNING * * *
You closely miss the brown ugly thing.
The brown ugly thing is moderately wounded.
You closely miss the ice beast.
The brown ugly thing tentacle-slaps you!
* * * LOW HITPOINT WARNING * * *
You are splashed with acid!
You die...

.. #.# .#..#.##..
....... #..## .....####.
.......##... ..........
...$....##.## ...#..†...
.....>......##..##......
...............[..(.....
..................###..#
......Y......#.........#
.....?u@.....###.......#
.........##..# #........
..........#..# #........
........###..###......#.
..........##..........#.
.g.)....................
......................#.
......................#.
..........#........


You could see a brown ugly thing, an ice beast and a gnoll bouda.

Vanquished Creatures
  Menkaure (D:3)
  A water moccasin (D:6)
  A black bear (D:6)
  6 ice beasts
  5 ogres
  2 phantoms
  A bullfrog (D:7)
  A kobold brigand (D:7)
  A necrophage (D:5)
  4 scorpions
  2 howler monkeys
  2 jellies (Sewer)
  Crazy Yiuf (D:4)
  2 orc priests
  Natasha (thrice) (D:2)
  3 orc wizards
  10 adders
  9 gnolls
  2 white imps
  4 worms
  5 dart slugs
  18 orcs
  11 ball pythons
  14 endoplasms
  10 giant cockroaches
  8 goblins
  7 hobgoblins
  7 jackals
  10 kobolds
  6 quokkas
  7 bats
  7 frilled lizards
  10 rats
181 creatures vanquished.

Notes
Turn   | Place    | Note
-------+----------+-------------------------------------------
     0 | D:1      | bande the Gargoyle Fighter began the quest for the Orb.
     0 | D:1      | Reached XP level 1. HP: 14/14 MP: 1/1
    41 | D:1      | Reached XP level 2. HP: 10/19 MP: 2/2
   333 | D:1      | Reached skill level 2 in Axes
   468 | D:1      | Reached XP level 3. HP: 22/23 MP: 3/3
   979 | D:1      | Found a faded altar of an unknown god.
  1236 | D:2      | Reached XP level 4. HP: 24/29 MP: 4/4
  1446 | D:2      | Reached skill level 3 in Axes
  1605 | D:2      | Noticed Natasha
  2039 | D:1      | Reached XP level 5. HP: 20/33 MP: 5/5
  2174 | D:2      | Killed Natasha
  2403 | D:2      | Noticed Natasha
  2417 | D:2      | Killed Natasha
  2977 | D:2      | Noticed Natasha
  2997 | D:2      | Killed Natasha
  2998 | D:2      | Reached skill level 4 in Axes
  3497 | D:3      | Found an ancient bone altar of Kikubaaqudgha.
  3523 | D:3      | Found a radiant altar of Vehumet.
  3580 | D:3      | Reached XP level 6. HP: 38/38 MP: 6/6
  3641 | D:3      | Found a glowing drain.
  3653 | Sewer    | Entered a sewer
  4488 | Sewer    | Found a viscous altar of Jiyva.
  5075 | D:4      | Noticed Menkaure
  5384 | D:3      | Killed Menkaure
  5385 | D:3      | Reached skill level 5 in Axes
  5385 | D:3      | Reached XP level 7. HP: 4/44 MP: 7/7
  6239 | D:4      | Found a runed translucent door.
  6240 | D:4      | Noticed Crazy Yiuf
  6289 | D:4      | Reached skill level 5 in Armour
  6610 | D:4      | Reached skill level 5 in Fighting
  7509 | D:4      | Killed Crazy Yiuf
  7623 | D:5      | Entered Level 5 of the Dungeon
  7642 | D:5      | Reached XP level 8. HP: 49/49 MP: 8/8
  7648 | D:5      | Reached skill level 6 in Axes
  7930 | D:5      | Found a staircase to the Ecumenical Temple.
  7942 | Temple   | Entered the Ecumenical Temple
  8203 | Temple   | Became a worshipper of Warmaster Okawaru
  8449 | D:5      | Found Cutoopp's Weapon Boutique.
  8865 | D:6      | Reached skill level 1 in Invocations
  8896 | D:6      | Reached skill level 1 in Evocations
  8958 | D:6      | Reached skill level 7 in Axes
  8983 | D:6      | Reached * piety under Okawaru
  8993 | D:6      | Reached XP level 9. HP: 22/54 MP: 10/10
  9747 | D:6      | Reached ** piety under Okawaru
 10685 | D:7      | Reached skill level 8 in Axes
 10875 | D:7      | Gained mutation: Your body sometimes deteriorates upon
                  | taking damage. [potion of mutation]
 10875 | D:7      | Gained mutation: You are partially covered in iridescent
                  | scales. (AC +2) [potion of mutation]
 10875 | D:7      | Gained mutation: You expend magic power (3 MP) to
                  | strengthen your wands. [potion of mutation]
 10876 | D:7      | Lost mutation: Your body sometimes deteriorates upon taking
                  | damage. [potion of mutation]
 10876 | D:7      | Lost mutation: You expend magic power (3 MP) to strengthen
                  | your wands. [potion of mutation]
 10876 | D:7      | Lost mutation: You are partially covered in iridescent
                  | scales. (AC +2) [potion of mutation]
 10876 | D:7      | Gained mutation: Your mind is acute. (Int +4, Str/Dex -1)
                  | [potion of mutation]
 10876 | D:7      | Gained mutation: Your mind is very acute. (Int +8, Str/Dex
                  | -2) [potion of mutation]
 11042 | D:7      | Noticed a brown ugly thing
 11050 | D:7      | HP: 1/55 [brown ugly thing (11)]
 11050 | D:7      | Splashed by a brown ugly thing's acid

Illustrated notes

Levels and vault maps discovered:
D:1:      minmay_arrival_shattered_statue, layout_basic,
          shapermc_ecumenical_altar_mp_vishouse
D:2:      kennysheep_six_static_rooms, layout_rooms, uniq_natasha
D:3:      layout_basic, mainiacjoe_overflow_two_lobes, gup_sewer_entry_pipe,
          kennysheep_cluttered_room
D:4:      layout_loops_ring, uniq_menkaure, uniq_crazy_yiuf_cottage
D:5:      layout_cave_pools, minmay_temple_entry_stoned_glass, serial_shops,
          nicolae_lakefront_shop
D:6:      layout_layer_cave, minmay_fractal_squares_diagonal_5
D:7:      layout_cave_pools
Temple:   mainiacjoe_temple_cubbyholes

Skill      XL: |  1  2  3  4  5  6  7  8  9 |
---------------+----------------------------+-----
Axes           | 2 3 4 5 7 8 |  8.2
Fighting       | 4 5 6 |  6.0
Armour         | 4 5 6 |  6.8
Shields        | 4 |  4.8
Invocations    | 2 3 |  3.4
Evocations     | 2 |  2.9
Dodging        | |  0.5
Stealth        | |  0.1

Action                   |  1- 3 |  4- 6 |  7- 9 || total
-------------------------+-------+-------+-------++-------
Melee: War axe           |    96 |   233 |   276 ||   605
  Use: Scroll            |       |    10 |     6 ||    16
       Potion            |       |     1 |     4 ||     5
 Stab: Invisible         |       |       |     1 ||     1
Armor: Scale mail        |    55 |    30 |       ||    85
       Plate armour      |       |   172 |   210 ||   382
Dodge: Dodged            |    49 |    71 |    94 ||   214
Block: Buckler           |    20 |    60 |    65 ||   145

Table legend: (Time is in decaauts)
 A = Elapsed time spent in this place.
 B = Non-inter-level travel time spent in this place.
 C = Inter-level travel time spent in this place.
 D = Time resting spent in this place.
 E = Time spent auto-exploring this place.
 F = Levels seen in this place.
 G = Mean time per level.
                   A        B        C        D        E       F      G
               +--------+--------+--------+--------+--------+-----+--------+
         Total |  11290 |  11143 |    147 |   3935 |   5517 |   9 | 1254.4 |
       Dungeon |   9994 |   9873 |    121 |   3628 |   4744 |   7 | 1427.7 |
        Temple |    297 |    271 |     26 |      0 |    244 |   1 |  297.0 |
         Sewer |    999 |    999 |      0 |    307 |    528 |   1 |  999.0 |
               +--------+--------+--------+--------+--------+-----+--------+

Top non-repeatable levels by time:
     D:6: 1829 daAuts
     D:4: 1796 daAuts
     D:1: 1790 daAuts
     D:3: 1699 daAuts
     D:2: 1541 daAuts
   Sewer: 999 daAuts
     D:5: 945 daAuts
     D:7: 390 daAuts
  Temple: 297 daAuts
